[Event "Titled Tuesday Blitz July 18 Early 2023"]
[White "Tomaszewski, Kacper"]
[Black "Frolyanov, Dmitry"]
[WhiteFideId "1127373"]
[BlackFideId "4151976"]
[WhiteElo "2490"]
[BlackElo "2608"]
[Result "0-1"]
[Round "8"]
[TimeControl "180+2"]
[Date "2023.07.18"]
[WhiteClock "0:00:00"]
[BlackClock "0:00:41"]
[Board "71"]

1. d4 d5 2. c4 e6 3. Nc3 c6 4. Nf3 dxc4 5. e4 b5 6. a4 Bb4 7. Bg5 Qb6 8. Be2 Nd7 9. O-O Ngf6 10. Qc2 O-O 11. Rad1 Bb7 12. Ne5 a6 13. Kh1 h6 14. Bh4 Qc7 15. f4 Nxe5 16. fxe5 Nd7 17. Bg3 Rad8 18. Bf3 Qc8 19. d5 cxd5 20. exd5 Nc5 21. axb5 Bxc3 22. bxa6 Bxd5 23. Qxc3 Nxa6 24. Bxd5 Rxd5 25. Rxd5 exd5 26. Qd4 Qe6 27. Bh4 Nb4 28. Bf6 Nc6 29. Qh4 Nxe5 30. Bxe5 Qxe5 31. h3 Qxb2 32. Qh5 d4 33. Qd5 Qe2 34. Rf4 d3 35. Qxc4 Qe1+ 36. Kh2 d2 0-1


[Site "https://www.chess.com"]

[Event "Titled Tuesday Blitz July 18 Early 2023"]
[White "Besedes, Danilo"]
[Black "Golubev, Mikhail"]
[WhiteFideId "946796"]
[BlackFideId "14100983"]
[WhiteElo "2483"]
[BlackElo "2608"]
[Result "1-0"]
[Round "8"]
[TimeControl "180+2"]
[Date "2023.07.18"]
[WhiteClock "0:01:29"]
[BlackClock "0:00:12"]
[Board "72"]

1. b3 d6 2. Bb2 Nd7 3. e3 e5 4. d4 exd4 5. exd4 Ngf6 6. Nf3 g6 7. Bd3 Bg7 8. O-O O-O 9. Nbd2 b6 10. Re1 Bb7 11. c4 Nh5 12. Qc2 Nf4 13. Bf1 d5 14. g3 Ne6 15. Bg2 Rc8 16. Rad1 c5 17. dxc5 Bxb2 18. Qxb2 Ndxc5 19. Nf1 Nd7 20. cxd5 Nec5 21. Ne3 Qf6 22. Qxf6 Nxf6 23. Nd4 Rcd8 24. Nc6 Rd7 25. Bh3 Rd6 26. Nc4 Rxc6 27. dxc6 Bxc6 28. Rd6 Bd7 29. Bxd7 Ncxd7 30. Re7 Rd8 31. Ne5 1-0


[Site "https://www.chess.com"]

[Event "Titled Tuesday Blitz July 18 Early 2023"]
[White "Rodriguez Fontecha, Marcos"]
[Black "Sanchez Alvares, Kelvin Antonio"]
[WhiteFideId "2256576"]
[BlackFideId "3906680"]
[WhiteElo "2482"]
[BlackElo "2607"]
[Result "0-1"]
[Round "8"]
[TimeControl "180+2"]
[Date "2023.07.18"]
[WhiteClock "0:00:02"]
[BlackClock "0:00:28"]
[Board "73"]

1. e4 e5 2. Nf3 Nc6 3. d4 exd4 4. Bc4 Nf6 5. O-O Nxe4 6. Re1 d5 7. Bxd5 Qxd5 8. Nc3 Qd8 9. Nxe4 Be7 10. Bg5 O-O 11. Bxe7 Qxe7 12. Nxd4 Nxd4 13. Qxd4 Bf5 14. Ng3 Qd7 15. Qf4 Bg6 16. h4 Rfe8 17. h5 Bxc2 18. h6 Qd6 19. Qc4 Qc6 20. Qxc6 bxc6 21. Rac1 Rxe1+ 22. Rxe1 gxh6 23. Re7 Rc8 24. Ne2 Kf8 25. Rd7 Bf5 26. Rd4 Rb8 27. b3 Re8 28. Ng3 Be6 29. Ra4 Ra8 30. Ne4 Ke7 31. Nc5 Bd5 32. Nd3 Kd6 33. Rh4 Rg8 34. g3 Rg6 35. Ra4 h5 36. Rxa7 h4 37. Kh2 hxg3+ 38. fxg3 Rh6+ 39. Kg1 Rh1+ 40. Kf2 Ra1 41. Nb4 Bxb3 42. Ra6 Bd5 43. a4 Kc5 44. Nd3+ Kd4 45. Nf4 Ra2+ 46. Kg1 Ra1+ 47. Kf2 Ra2+ 48. Ke1 Bc4 49. Kd1 Bxa6 0-1


[Site "https://www.chess.com"]

[Event "Titled Tuesday Blitz July 18 Early 2023"]
[White "Leon Oquendo, Jorge"]
[Black "Bochnicka, Vladimir"]
[WhiteFideId "3514803"]
[BlackFideId "14943450"]
[WhiteElo "2605"]
[BlackElo "2469"]
[Result "1-0"]
[Round "8"]
[TimeControl "180+2"]
[Date "2023.07.18"]
[WhiteClock "0:00:26"]
[BlackClock "0:00:06"]
[Board "74"]

1. e4 e5 2. Nc3 Nf6 3. g3 c6 4. Bg2 d5 5. d3 Bb4 6. Bd2 O-O 7. Nf3 d4 8. Ne2 Bxd2+ 9. Nxd2 Be6 10. O-O c5 11. h3 Ne8 12. f4 f6 13. Nf3 Nc6 14. b3 Nd6 15. f5 Bf7 16. g4 b5 17. Ng3 Kh8 18. h4 c4 19. g5 Bg8 20. Rf2 Rc8 21. Bf1 a5 22. Rg2 cxd3 23. Bxd3 Nb4 24. gxf6 gxf6 25. Qd2 Nf7 26. Nh5 Nxd3 27. cxd3 Rc6 28. Kh1 Qe7 29. Rag1 Rfc8 30. Rg7 Qb4 31. Qg2 Qf8 32. Nh2 Rc2 33. Qg3 Nh6 34. Ng4 Nxg4 35. Qxg4 R2c6 36. Qg3 a4 37. bxa4 bxa4 38. a3 R6c7 39. Rxc7 Rxc7 40. Nxf6 Rg7 41. Qxe5 Rxg1+ 42. Kxg1 Qg7+ 43. Kh2 Bf7 44. Qb8+ 1-0


[Site "https://www.chess.com"]

[Event "Titled Tuesday Blitz July 18 Early 2023"]
[White "LangesNasenhaar"]
[Black "Fiorito, Francisco"]
[BlackFideId "180165"]
[WhiteElo "2450"]
[BlackElo "2602"]
[Result "1/2-1/2"]
[Round "8"]
[TimeControl "180+2"]
[Date "2023.07.18"]
[WhiteClock "0:00:08"]
[BlackClock "0:00:05"]
[Board "75"]

1. d4 Nf6 2. Nc3 c5 3. d5 d6 4. e4 e5 5. a4 g6 6. h3 Bg7 7. g4 O-O 8. Nf3 h6 9. Be3 a6 10. Qd2 g5 11. Bc4 Ne8 12. Ng1 f6 13. f3 Nc7 14. Nge2 Nd7 15. Ng3 Re8 16. Nf5 Nf8 17. h4 Ng6 18. hxg5 hxg5 19. Qh2 Bxf5 20. Qh7+ Kf7 21. gxf5 Nh4 22. Qh5+ Ke7 23. Kf2 Rh8 24. Qg4 Qf8 25. a5 Qf7 26. Ke2 Rh7 27. Rh3 Rah8 28. Rah1 Qh5 29. Qxh5 Rxh5 30. Bf2 Ng2 31. Rxh5 Rxh5 32. Rxh5 Nf4+ 33. Kd2 Nxh5 34. Na4 Bh6 35. Kd1 Nf4 36. c3 Nb5 37. Nb6 Kd8 38. Kc2 Kc7 39. Bf1 Nh5 40. Nc4 Ng7 41. Ne3 Ne8 42. Ng4 Bg7 43. b4 cxb4 44. cxb4 Kd7 45. Kb3 Nec7 46. Kc4 Na3+ 47. Kb3 Nb1 48. Kc2 Na3+ 49. Kb3 Nab5 50. Kc4 Na7 51. Kb3 Ncb5 52. Bc4 Kc7 53. Bd3 Nc8 54. Kc4 Kd7 55. Kb3 Nc7 56. Ne3 Bh6 57. Nc4 Nb5 58. Nb6+ Nxb6 59. Bxb6 Nc7 60. Bf2 Nb5 61. Bxb5+ axb5 62. Kc2 Bf8 63. Kb3 Be7 64. Be3 Kc7 65. Bb6+ Kc8 66. Bf2 Bf8 67. Be3 Bh6 68. Bf2 Kb8 69. Be3 Bf8 70. Bf2 Be7 71. Bb6 Kc8 72. Be3 Bd8 73. Kc3 Kd7 74. Kb3 Ke7 75. Kc3 Kf7 76. Kd3 Kg7 77. Ke2 Kh6 78. Kf2 Kh5 79. Kg3 Be7 80. Bf2 Bf8 81. Bb6 Kh6 82. Be3 Kg7 83. Bb6 Kf7 84. Kg4 Kg7 85. Kh5 Kf7 86. Bc7 Kg7 87. Bd8 Kf7 88. Bc7 Kg7 89. Bb6 Kf7 90. Bd8 Kg7 91. Bc7 Kf7 92. Kg4 Ke7 93. Kh5 Kf7 94. Bb6 Kg7 95. Bd8 Kf7 96. Bc7 1/2-1/2


[Site "https://www.chess.com"]

[Event "Titled Tuesday Blitz July 18 Early 2023"]
[White "Al-Tarboush, Ward"]
[Black "Devaev, Alexander"]
[WhiteFideId "7601450"]
[BlackFideId "4169395"]
[WhiteElo "2595"]
[BlackElo "2450"]
[Result "1-0"]
[Round "8"]
[TimeControl "180+2"]
[Date "2023.07.18"]
[WhiteClock "0:00:56"]
[BlackClock "0:00:04"]
[Board "76"]

1. e4 c6 2. Nf3 d5 3. Nc3 Nf6 4. e5 Ne4 5. Ne2 e6 6. d3 Nc5 7. d4 Ncd7 8. Ng3 c5 9. c3 Nc6 10. Bd3 Qb6 11. O-O cxd4 12. Bf4 dxc3 13. bxc3 Nc5 14. Rb1 Qc7 15. Bc2 Bd7 16. Re1 a6 17. Nh5 O-O-O 18. Ng5 Be8 19. Nxh7 Ne4 20. Nxf8 Rxf8 21. Bxe4 dxe4 22. Qe2 f5 23. exf6 e5 24. fxg7 Bxh5 25. gxf8=Q Bxe2 26. Qf5+ Kb8 27. Rxe2 exf4 28. Rxe4 Ka8 29. Qxf4 Qg7 30. h4 Qxc3 31. Rc4 Qd3 32. Rcc1 Qh7 33. a4 Rg8 34. g3 Qe7 35. Rxc6 bxc6 36. Qc4 Ka7 37. Qxg8 1-0


[Site "https://www.chess.com"]

[Event "Titled Tuesday Blitz July 18 Early 2023"]
[White "Colas, Joshua"]
[Black "Goldin, Roman"]
[WhiteFideId "2044447"]
[BlackFideId "2803860"]
[WhiteElo "2591"]
[BlackElo "2445"]
[Result "1-0"]
[Round "8"]
[TimeControl "180+2"]
[Date "2023.07.18"]
[WhiteClock "0:00:20"]
[BlackClock "0:00:00"]
[Board "77"]

1. d4 Nf6 2. Nc3 d5 3. Bf4 g6 4. e3 Bg7 5. h4 a6 6. h5 Nxh5 7. Rxh5 gxh5 8. Qxh5 c6 9. Nf3 h6 10. Ne5 Rf8 11. Bxh6 Bxh6 12. Qxh6 Qd6 13. Qh5 Nd7 14. Bd3 Nxe5 15. dxe5 Qb4 16. O-O-O Be6 17. f4 O-O-O 18. f5 Bd7 19. a3 Qb6 20. Qf3 e6 21. f6 c5 22. g4 Bc6 23. Qf4 Qa5 24. g5 b5 25. g6 fxg6 26. Bxg6 b4 27. axb4 cxb4 28. Nb1 Qc5 29. Qd4 Qxd4 30. exd4 a5 31. Nd2 Be8 32. Bd3 Rh8 33. Nb3 a4 34. Nc5 a3 35. bxa3 bxa3 36. Nxe6 Rd7 37. Nc5 Ra7 38. Kd2 a2 39. Ra1 Rh2+ 40. Kc3 Rh3 41. Kb2 Bf7 42. Bf5+ Kc7 43. Bxh3 1-0


[Site "https://www.chess.com"]

[Event "Titled Tuesday Blitz July 18 Early 2023"]
[White "Shishkov, Andrei"]
[Black "luksona14"]
[WhiteFideId "4500563"]
[WhiteElo "2589"]
[BlackElo "2426"]
[Result "0-1"]
[Round "8"]
[TimeControl "180+2"]
[Date "2023.07.18"]
[WhiteClock "0:00:05"]
[BlackClock "0:00:24"]
[Board "78"]

1. d4 Nf6 2. c4 e6 3. Nc3 Bb4 4. Qc2 O-O 5. e4 Bxc3+ 6. bxc3 d6 7. Bd3 e5 8. Ne2 Nc6 9. O-O Ne7 10. f4 Ng6 11. fxe5 dxe5 12. Bg5 h6 13. Bxf6 gxf6 14. Rf2 c5 15. d5 Bg4 16. g3 Kg7 17. Kg2 h5 18. Raf1 Rh8 19. Rxf6 Qxf6 20. Rxf6 Kxf6 21. Ng1 Ke7 22. Qf2 b6 23. d6+ Kxd6 24. Qxf7 Ne7 25. Qf6+ Be6 26. Nf3 Nc6 27. Ng5 Rhe8 28. Be2 Re7 29. Bxh5 a6 30. Bg4 Nd8 31. Bxe6 Nxe6 32. Nf7+ Kd7 33. Nxe5+ Kd6 34. Ng6 Ree8 35. Qe5+ Kd7 36. Qd5+ Kc7 37. Ne5 Rad8 38. Qc6+ Kb8 39. Qxb6+ Kc8 40. Qxa6+ Kc7 41. Qc6+ Kb8 42. Qb6+ Kc8 43. Nc6 Rd6 44. Qb5 Kc7 45. Na5 Rb8 46. Qa6 Rxa6 0-1


[Site "https://www.chess.com"]

[Event "Titled Tuesday Blitz July 18 Early 2023"]
[White "Pinero Rodriguez, Carlos Jose"]
[Black "Manukian, Artak"]
[WhiteFideId "3901726"]
[BlackFideId "13301373"]
[WhiteElo "2585"]
[BlackElo "2425"]
[Result "1-0"]
[Round "8"]
[TimeControl "180+2"]
[Date "2023.07.18"]
[WhiteClock "0:00:11"]
[BlackClock "0:00:08"]
[Board "79"]

1. b3 a5 2. a3 c5 3. e3 a4 4. Bb2 Nf6 5. c4 axb3 6. Qxb3 Nc6 7. Nf3 d6 8. Qc2 g6 9. Bxf6 exf6 10. Nc3 Bg7 11. g3 f5 12. Bg2 h5 13. h4 O-O 14. O-O Ne5 15. Nxe5 dxe5 16. Bd5 f4 17. Ne4 Bf5 18. Kg2 Qe7 19. Rab1 Rfb8 20. Rb3 Ra7 21. Rfb1 Qc7 22. Qd1 Bg4 23. f3 Bf5 24. R1b2 fxg3 25. Ng5 Bf6 26. Bxf7+ Kg7 27. Bd5 Bxg5 28. hxg5 e4 29. f4 h4 30. Qh1 h3+ 31. Kxg3 Bc8 32. Qxe4 Qd7 33. Qe5+ Kh7 34. Bf3 h2 35. Rb1 Qh3+ 36. Kf2 Qh4+ 37. Ke2 Bg4 38. Qc7+ Kg8 39. Qxb8+ Kf7 40. Rxb7+ Rxb7 41. Rxb7+ 1-0


[Site "https://www.chess.com"]

[Event "Titled Tuesday Blitz July 18 Early 2023"]
[White "ArturoCaceres"]
[Black "Parpiev, Isaak"]
[BlackFideId "34281576"]
[WhiteElo "2412"]
[BlackElo "2584"]
[Result "0-1"]
[Round "8"]
[TimeControl "180+2"]
[Date "2023.07.18"]
[WhiteClock "0:00:00"]
[BlackClock "0:00:34"]
[Board "80"]

1. e4 c6 2. d4 d5 3. e5 Bf5 4. Ke2 e6 5. Nf3 c5 6. c3 Nc6 7. Ke1 Rc8 8. a3 Qb6 9. b4 cxd4 10. cxd4 a5 11. b5 Na7 12. a4 Bc2 13. Qe2 Nh6 14. Bd2 Nf5 15. Be3 Bb4+ 16. Nbd2 O-O 17. g4 Nxe3 18. fxe3 Be4 19. Kf2 Bxd2 20. Nxd2 Bxh1 21. Bh3 Be4 22. g5 Bg6 23. Bg4 Rc2 24. h4 Rfc8 25. h5 Rxd2 26. Qxd2 Rc2 27. Qxc2 Bxc2 28. Ke2 Bxa4 0-1


[Site "https://www.chess.com"]

[Event "Titled Tuesday Blitz July 18 Early 2023"]
[White "Fonseca Manrique, Enrique"]
[Black "Rian, Kapriaga"]
[WhiteFideId "5114330"]
[BlackFideId "7103263"]
[WhiteElo "2582"]
[BlackElo "2410"]
[Result "1-0"]
[Round "8"]
[TimeControl "180+2"]
[Date "2023.07.18"]
[WhiteClock "0:00:13"]
[BlackClock "0:00:00"]
[Board "81"]

1. e4 c6 2. d4 d5 3. e5 Bf5 4. Nf3 e6 5. Be2 a6 6. O-O Ne7 7. Nbd2 Nd7 8. a4 h6 9. a5 Bg6 10. Nb3 Bf5 11. Bd2 Bg4 12. Ne1 Bxe2 13. Qxe2 Nf5 14. f4 h5 15. Nf3 c5 16. c4 dxc4 17. Qxc4 cxd4 18. Rac1 Be7 19. Nbxd4 Nxd4 20. Nxd4 O-O 21. Bc3 Rc8 22. Qe2 Bc5 23. Rcd1 Qc7 24. Qxh5 g6 25. Qe2 Nb8 26. Kh1 Bxd4 27. Rxd4 Nc6 28. Rd3 Nxa5 29. f5 exf5 30. e6 Rce8 31. Rh3 f6 32. Qd2 Nc4 33. Qd5 Re7 34. Bb4 Ne5 35. Bxe7 Qxe7 36. Rc3 Re8 37. Rfc1 Qxe6 38. Qxb7 Ng4 39. Qb3 Kg7 40. Qxe6 Rxe6 41. h3 Nf2+ 42. Kg1 Ne4 43. Rc6 Rxc6 44. Rxc6 a5 45. Ra6 Nc5 46. Rxa5 Nd3 47. Rb5 f4 48. Kf1 g5 49. Ke2 Ne5 50. b4 1-0


[Site "https://www.chess.com"]

[Event "Titled Tuesday Blitz July 18 Early 2023"]
[White "Bodnaruk, Anastasia"]
[Black "AndresDelgado77"]
[WhiteFideId "4181751"]
[WhiteElo "2582"]
[BlackElo "2357"]
[Result "1-0"]
[Round "8"]
[TimeControl "180+2"]
[Date "2023.07.18"]
[WhiteClock "0:00:13"]
[BlackClock "0:00:00"]
[Board "82"]

1. e4 e6 2. d4 d5 3. e5 c5 4. c3 Qb6 5. Nf3 Nc6 6. Be2 cxd4 7. cxd4 Nh6 8. b3 Nf5 9. Bb2 Bd7 10. O-O h5 11. Kh1 a6 12. Nc3 Qa7 13. Na4 b5 14. Nc5 Bxc5 15. dxc5 Qxc5 16. Rc1 Qe7 17. Bd3 Nh4 18. Nd4 Nxd4 19. Bxd4 Rc8 20. Rxc8+ Bxc8 21. Qc1 Nf5 22. Bc5 Qc7 23. Re1 g6 24. b4 Bb7 25. Qb2 h4 26. h3 Kd7 27. Bxf5 gxf5 28. Bd6 Qb6 29. Qd2 d4 30. Qg5 Qd8 31. Qg7 Qg8 32. Qxg8 Rxg8 33. f3 Rc8 34. Bc5 Bd5 35. Rd1 Bxa2 36. Rxd4+ Bd5 37. Rxh4 a5 38. Rh7 axb4 39. Rxf7+ Kc6 40. Bxb4 Ra8 41. Bd6 Ra4 42. Rc7+ Kb6 43. Rc1 b4 44. Kh2 b3 45. Rb1 1-0


[Site "https://www.chess.com"]

[Event "Titled Tuesday Blitz July 18 Early 2023"]
[White "Sargsyan, Anna M."]
[Black "Okike, David"]
[WhiteFideId "13308130"]
[BlackFideId "8500134"]
[WhiteElo "2581"]
[BlackElo "2353"]
[Result "1-0"]
[Round "8"]
[TimeControl "180+2"]
[Date "2023.07.18"]
[WhiteClock "0:00:03"]
[BlackClock "0:00:00"]
[Board "83"]

1. d4 Nf6 2. c4 e6 3. Nf3 Bb4+ 4. Bd2 a5 5. g3 b6 6. Bg2 Ba6 7. Qc2 c6 8. O-O O-O 9. Bg5 Be7 10. e4 d5 11. e5 Nfd7 12. Bxe7 Qxe7 13. b3 Re8 14. Nbd2 Nf8 15. Rfe1 Nbd7 16. Rac1 Rac8 17. Qb2 Red8 18. h4 h6 19. Nh2 Nb8 20. Nhf1 Rd7 21. Ne3 Qd8 22. c5 bxc5 23. Rxc5 Bd3 24. Qc3 Bb5 25. a4 Na6 26. axb5 Nxc5 27. Qxc5 cxb5 28. Qxb5 Rb8 29. Qd3 Rc7 30. Ra1 Rc6 31. Ng4 Qc7 32. Bf1 Rc1 33. Rxc1 Qxc1 34. Ne3 Rc8 35. Qe2 Rc3 36. Qd1 Qxd1 37. Nxd1 Rc2 38. Nf3 Nd7 39. Kg2 Kf8 40. Bd3 Rc1 41. Nb2 Rc3 42. Nd2 Ke7 43. Kf1 f6 44. f4 Nb8 45. Ke2 Nc6 46. Ke3 Nb4 47. Ke2 g5 48. hxg5 fxg5 49. fxg5 hxg5 50. g4 Nc6 51. Nd1 Rc1 52. Nf3 Ra1 53. Nf2 Ra2+ 54. Ke3 Rb2 55. Nd2 Nb4 56. Nd1 Ra2 57. Bb5 Ra1 58. Nf2 Nc2+ 59. Kd3 Ne1+ 60. Ke2 Nc2 61. Nf3 Ra3 62. Ba4 Ra2 63. Kf1 Ra1+ 64. Kg2 Ne1+ 65. Nxe1 Rxe1 66. Kf3 Kf7 67. Bd7 Rb1 68. Ba4 Kg6 69. Nd3 Kf7 70. Nc5 Rd1 71. Bd7 Rxd4 72. Bxe6+ Ke7 73. Bf5 Rb4 74. Bc2 Rd4 75. Nd3 Ke6 76. Kg3 Ke7 77. Kf3 Ke6 78. Kg3 Ke7 79. Nf2 Ke6 80. Bf5+ Kxe5 81. Kf3 Rd2 82. Ke3 Ra2 83. Nd3+ Kd6 84. Kd4 Rg2 85. Kc3 Rg3 86. Kd4 Rf3 87. Ne1 Rf4+ 88. Ke3 Rb4 89. Nc2 Rxb3+ 90. Kd2 Rg3 91. Nd4 Ke5 92. Ne2 Rg2 93. Ke3 Rh2 94. Kf3 Rh3+ 95. Kf2 Ra3 96. Nc1 Kd4 97. Ke2 1-0


[Site "https://www.chess.com"]

[Event "Titled Tuesday Blitz July 18 Early 2023"]
[White "Zavgorodniy, Sergiy"]
[Black "Da Silva Junior, Sediney Mari"]
[WhiteFideId "14110148"]
[BlackFideId "2132079"]
[WhiteElo "2580"]
[BlackElo "2226"]
[Result "1-0"]
[Round "8"]
[TimeControl "180+2"]
[Date "2023.07.18"]
[WhiteClock "0:00:44"]
[BlackClock "0:01:52"]
[Board "84"]

1. e4 e6 2. d3 d5 3. Nd2 Nf6 4. Ngf3 c5 5. g3 Nc6 6. Bg2 b6 7. O-O Bb7 8. Qe2 Qc7 9. Re1 O-O-O 10. a4 h6 11. Nb3 dxe4 12. dxe4 Nd4 13. Nfxd4 cxd4 14. a5 g5 15. axb6 axb6 16. e5 Bxg2 17. Kxg2 Qb7+ 18. Kg1 Ne8 19. Ra4 Bc5 20. Bd2 Nc7 21. Rea1 Kd7 22. Ra7 Qc6 23. Nxc5+ Qxc5 24. Qd3 Ra8 25. Be3 Rxa7 26. Rxa7 Qd5 27. Bxd4 Rc8 28. Bxb6 Qxd3 29. cxd3 Kc6 30. Rxc7+ Rxc7 31. Bxc7 Kxc7 32. f4 Kc6 33. fxg5 hxg5 34. h4 gxh4 35. gxh4 Kd5 36. h5 Kxe5 37. b4 1-0


[Site "https://www.chess.com"]

[Event "Titled Tuesday Blitz July 18 Early 2023"]
[White "Molina, Roberto Junio Brito"]
[Black "lgabi"]
[WhiteFideId "2109450"]
[WhiteElo "2865"]
[BlackElo "2329"]
[Result "1/2-1/2"]
[Round "8"]
[TimeControl "180+2"]
[Date "2023.07.18"]
[WhiteClock "0:00:14"]
[BlackClock "0:00:09"]
[Board "85"]

1. Na3 d5 2. d4 Nf6 3. Bf4 a6 4. c3 Bf5 5. e3 e6 6. Nc2 Bd6 7. Bd3 O-O 8. Nf3 Ne4 9. O-O c5 10. Bxd6 Qxd6 11. Ne5 Nc6 12. Nxc6 bxc6 13. f3 Nf6 14. Bxf5 exf5 15. Qd3 g6 16. Rae1 Rfe8 17. dxc5 Qxc5 18. Qd4 Qe7 19. Re2 Rab8 20. b3 c5 21. Qd2 Rbd8 22. Rd1 h5 23. Qe1 Qe5 24. h3 Kg7 25. Rd3 Rd7 26. Red2 Rde7 27. Qf2 f4 28. exf4 Qxf4 29. g3 Qe5 30. h4 c4 31. Re3 Qf5 32. Rxe7 Rxe7 33. b4 g5 34. hxg5 Qxg5 35. Kh2 Qg6 36. Nd4 Re5 37. Re2 Re4 38. Kg2 Rxe2 39. Nxe2 h4 40. Nf4 Qf5 41. Qd4 hxg3 42. Kxg3 Kh7 43. Qe3 Qg5+ 44. Kf2 Nh5 45. Ne2 Qh4+ 46. Kf1 Qh1+ 47. Kf2 Qh2+ 48. Ke1 Qh1+ 49. Kd2 Qb1 50. Nc1 Qf5 51. Ne2 Qb1 52. Qe5 Qd3+ 53. Ke1 Ng7 54. Kf2 Ne6 55. Qf6 Qg6 56. Qxg6+ Kxg6 57. Ke3 Kf5 58. a4 Ke5 59. f4+ Kd6 60. Nd4 Nc7 61. Nf5+ Ke6 62. Nd4+ Kd6 63. Kf3 f6 64. Kg4 Ke7 65. Kf5 Ne8 66. Nc6+ Kd6 67. Nd4 Ke7 68. Kg6 Nd6 69. Nf5+ Nxf5 70. Kxf5 Kf7 71. Kg4 d4 72. Kf3 d3 73. Ke3 Ke6 74. Kd2 Kf5 75. Ke3 Ke6 76. Kf3 Kd5 77. Ke3 f5 78. Kf3 Kc6 79. Ke3 Kb6 80. Kd2 Kc6 81. Ke3 Kb6 82. Kf3 Kc6 83. Kf2 Kb6 84. Ke3 Kc6 85. Kd2 Kb6 86. Ke3 Kc6 87. Kd2 Kd5 88. Ke3 Kc6 1/2-1/2


[Site "https://www.chess.com"]

[Event "Titled Tuesday Blitz July 18 Early 2023"]
[White "Schmakel, Sam"]
[Black "MateoReyes"]
[WhiteFideId "2039311"]
[WhiteElo "2745"]
[BlackElo "2497"]
[Result "1-0"]
[Round "8"]
[TimeControl "180+2"]
[Date "2023.07.18"]
[WhiteClock "0:00:33"]
[BlackClock "0:01:36"]
[Board "86"]

1. e4 c5 2. Nc3 Nc6 3. Bb5 Nd4 4. Nf3 Nxb5 5. Nxb5 a6 6. Nc3 d6 7. d4 cxd4 8. Qxd4 Nf6 9. Bg5 e6 10. O-O-O Qc7 11. Bxf6 gxf6 12. Qxf6 Rg8 13. Rhe1 Be7 14. Qh6 Bd7 15. Qxh7 Rxg2 16. Nd5 Qc5 17. Qh8+ Bf8 18. Nf6+ Ke7 19. Nxd7 Kxd7 20. Ne5+ Ke8 21. Nd3 Qg5+ 22. Kb1 Rc8 23. h4 Qb5 24. Qf6 Qc4 25. c3 Bg7 26. Qf3 Rg6 27. h5 Rf6 28. Qg3 Bh6 29. Qxd6 Rd8 30. Qxd8+ Kxd8 31. Ne5+ Ke7 32. Nxc4 Rxf2 33. Ne5 Kf6 34. Ng4+ 1-0


[Site "https://www.chess.com"]

[Event "Titled Tuesday Blitz July 18 Early 2023"]
[White "Fiorito, Joaquin"]
[Black "DCacheiro"]
[WhiteFideId "180173"]
[WhiteElo "2710"]
[BlackElo "2487"]
[Result "0-1"]
[Round "8"]
[TimeControl "180+2"]
[Date "2023.07.18"]
[WhiteClock "0:00:03"]
[BlackClock "0:00:07"]
[Board "87"]

1. d4 Nf6 2. Nc3 d5 3. Bf4 g6 4. e3 Bg7 5. h4 h5 6. Nf3 O-O 7. Ne5 Nbd7 8. Qd2 c5 9. O-O-O c4 10. e4 dxe4 11. Bxc4 Nxe5 12. dxe5 Qxd2+ 13. Rxd2 Ng4 14. Nxe4 Nxe5 15. Bd5 Bf5 16. Ng3 e6 17. Nxf5 gxf5 18. Bxb7 Rab8 19. Bxe5 Bxe5 20. Rd7 Kg7 21. Rhd1 f4 22. c4 Bf6 23. c5 Bxh4 24. c6 Bxf2 25. b4 Bb6 26. b5 Rbd8 27. c7 Rc8 28. Bxc8 Rxc8 29. Kb1 Rxc7 30. Rxc7 Bxc7 31. Kc2 Kg6 32. a4 Bb6 33. Rd6 h4 34. Kd1 f3 35. gxf3 h3 36. Rd2 Bg1 37. a5 h2 38. Rxh2 Bxh2 39. b6 axb6 40. a6 Bb8 41. Kc2 Ba7 42. Kd3 Kf5 43. Kc4 Kf4 44. Kb5 Kxf3 45. Kc6 b5 46. Kxb5 e5 47. Kc6 e4 48. Kb7 Bd4 49. a7 Bxa7 50. Kxa7 e3 0-1


[Site "https://www.chess.com"]

[Event "Titled Tuesday Blitz July 18 Early 2023"]
[White "kuanysh1981"]
[Black "Eugene, Floryan"]
[BlackFideId "20694784"]
[WhiteElo "2482"]
[BlackElo "2680"]
[Result "0-1"]
[Round "8"]
[TimeControl "180+2"]
[Date "2023.07.18"]
[WhiteClock "0:01:37"]
[BlackClock "0:01:04"]
[Board "88"]

1. d4 f5 2. g3 Nf6 3. Bg2 d6 4. h4 Nc6 5. d5 Ne5 6. Nh3 e6 7. dxe6 c6 8. Nf4 Qe7 9. b3 Bxe6 10. Nxe6 Qxe6 11. Bb2 O-O-O 12. Nd2 d5 13. Nf3 Neg4 14. Nd4 Qd7 15. e3 Bb4+ 16. c3 Bd6 17. Qf3 Ne4 18. Rf1 Ngxf2 19. Rxf2 Bxg3 20. O-O-O Bxf2 21. Nxf5 Rhf8 22. Bh3 Kb8 23. c4 g6 24. Qxe4 dxe4 25. Be5+ Ka8 26. Rxd7 Rxd7 27. Nd6 Bxe3+ 28. Kc2 Rf2+ 29. Kc3 Rxd6 30. Bxd6 Rf3 31. Bg4 Rf2 32. a4 c5 33. Be6 Bd4# 0-1


[Site "https://www.chess.com"]

[Event "Titled Tuesday Blitz July 18 Early 2023"]
[White "Begmuratov, Alisher"]
[Black "Sathish, Pranav"]
[WhiteFideId "14203367"]
[BlackFideId "30967538"]
[WhiteElo "2655"]
[BlackElo "2467"]
[Result "1/2-1/2"]
[Round "8"]
[TimeControl "180+2"]
[Date "2023.07.18"]
[WhiteClock "0:01:22"]
[BlackClock "0:00:55"]
[Board "89"]

1. Nf3 Nf6 2. b3 g6 3. Bb2 Bg7 4. g3 d6 5. d4 c5 6. c4 Qa5+ 7. Qd2 Qxd2+ 8. Nbxd2 cxd4 9. Nxd4 a6 10. Bg2 O-O 11. O-O Nbd7 12. Rac1 Rb8 13. b4 Rd8 14. N2b3 Nf8 15. Rfd1 Ne6 16. Na5 Nxd4 17. Bxd4 Nd7 18. Bxg7 Kxg7 19. c5 dxc5 20. bxc5 Rf8 21. Bxb7 Nxc5 22. Rxc5 Bxb7 23. Rc7 Be4 24. Rxe7 Bf5 25. Rd2 Bh3 26. f3 Kf6 27. Re4 Rb1+ 28. Kf2 Rf1+ 29. Ke3 Bf5 30. Rb4 Re8+ 31. Kd4 Rd8+ 32. Ke3 Re8+ 33. Kd4 Rd8+ 34. Ke3 Re8+ 1/2-1/2


[Site "https://www.chess.com"]

[Event "Titled Tuesday Blitz July 18 Early 2023"]
[White "Spata, German"]
[Black "vishwa_vijeta"]
[WhiteFideId "113026"]
[WhiteElo "2643"]
[BlackElo "2461"]
[Result "1/2-1/2"]
[Round "8"]
[TimeControl "180+2"]
[Date "2023.07.18"]
[WhiteClock "0:00:07"]
[BlackClock "0:00:08"]
[Board "90"]

1. Nf3 c5 2. c4 Nc6 3. g3 g6 4. Bg2 e5 5. O-O Bg7 6. Nc3 Nge7 7. Ne1 O-O 8. Nc2 d6 9. Ne3 f5 10. d3 Be6 11. Rb1 f4 12. Ned5 Qd7 13. a3 Bh3 14. b4 Bxg2 15. Kxg2 b6 16. Qa4 Rad8 17. Nxe7+ Nxe7 18. Qxd7 Rxd7 19. Bd2 Nf5 20. e3 Rdf7 21. Nd5 fxe3 22. fxe3 Bh6 23. Kh3 Bg5 24. Rf2 Ne7 25. Nxe7+ Bxe7 26. Rxf7 Rxf7 27. Kg2 Bf8 28. e4 h6 29. a4 Rb7 30. Kf3 h5 31. Ke2 Be7 32. Bc3 Rc7 33. bxc5 bxc5 34. a5 Kf7 35. Rb8 Rc6 36. Rb7 Ra6 37. Bd2 Ke6 38. Kd1 Bd8 39. Rb5 Bc7 40. Kc2 Bd8 41. Kb3 Rc6 42. Ka4 Rc7 43. Rb8 Kd7 44. a6 Rc6 45. Kb5 Rb6+ 46. Rxb6 Bxb6 47. Bg5 Bc7 48. Bf6 Bb6 49. h3 Bc7 50. Bg5 Bb6 51. Bd2 Bc7 52. Be1 Bb6 53. Ba5 Bxa5 54. Kxa5 Kc6 55. g4 hxg4 56. hxg4 g5 57. Ka4 Kb6 58. Kb3 Kxa6 59. Ka3 Ka5 60. Kb3 Kb6 61. Ka3 Kb7 62. Ka4 Kb6 63. Ka3 Ka5 64. Kb3 a6 65. Ka3 Kb6 66. Ka4 a5 67. Kb3 Ka6 68. Ka4 Kb6 69. Kb3 Ka6 70. Ka4 Kb6 1/2-1/2


[Site "https://www.chess.com"]

[Event "Titled Tuesday Blitz July 18 Early 2023"]
[White "Shukhman, Anna"]
[Black "Begunov, Konstantin"]
[WhiteFideId "54180058"]
[BlackFideId "4118510"]
[WhiteElo "2591"]
[BlackElo "2459"]
[Result "1/2-1/2"]
[Round "8"]
[TimeControl "180+2"]
[Date "2023.07.18"]
[WhiteClock "0:01:27"]
[BlackClock "0:00:11"]
[Board "91"]

1. e4 c5 2. Nf3 d6 3. d4 cxd4 4. Nxd4 Nf6 5. Nc3 a6 6. Qd3 e5 7. Nf5 Bxf5 8. exf5 d5 9. Bg5 d4 10. Ne4 Bb4+ 11. c3 dxc3 12. Qxd8+ Kxd8 13. O-O-O+ Kc7 14. Bxf6 cxb2+ 15. Kxb2 gxf6 16. Nxf6 Bc5 17. Rc1 b6 18. Ne4 Nd7 19. Bc4 f6 20. Be6 Rac8 21. Rhd1 Rhd8 22. Nxc5 bxc5 23. Rxd7+ Rxd7 24. Rxc5+ Kd8 25. Rxc8+ Kxc8 26. Kc3 Kc7 27. Bxd7 Kxd7 28. Kc4 Kc6 29. g3 Kd6 30. f4 exf4 31. gxf4 Kc6 32. a4 h6 33. Kd4 Kd6 34. h4 h5 35. Kc4 Kc6 36. Kd4 Kd6 37. a5 Kc6 38. Kc4 Kd6 39. Kd4 Kc6 40. Kc4 Kd6 41. Kd4 1/2-1/2


[Site "https://www.chess.com"]